 Dungeon Crawl Stone Soup version 0.19.5 (webtiles) character file.

273 JeffiDaFish the Shield-Bearer (level 6, -1/38 HPs)
             Began as a Gargoyle Fighter on Mar 26, 2017.
             Slain by Grinder (2 damage)
             ... while paralysed by Grinder
             ... on level 3 of the Dungeon.
             The game lasted 00:03:49 (2373 turns).

JeffiDaFish the Shield-Bearer (Gargoyle Fighter)    Turns: 2373, Time: 00:03:50

Health: -1/38      AC: 11    Str: 19    XL:     6   Next: 23%
Magic:  6/6        EV:  2    Int:  6    God:
Gold:   117        SH:  0    Dex: 11    Spells: 0 memorised, 5 levels left

rFire  . . .     SeeInvis .     a - +1 flail
rCold  . . .     Gourm    .     b - +0 scale mail
rNeg   + . .     Faith    .     c - +0 shield
rPois  ∞         Spirit   .     (no helmet)
rElec  +         Reflect  .     (no cloak)
rCorr  .         Harm     .     (no gloves)
MR     .....                    (no boots)
Stlth  ..........               (no amulet)
                                (no ring)
                                g - -3 ring of intelligence (curse)

@: paralysed, slowed
A: negative energy resistance 1, electricity resistance, unbreathing,
petrification resistance, rot immunity, AC +4
a: no special abilities


You were on level 3 of the Dungeon.
You were not hungry.

You visited 1 branch of the dungeon, and saw 4 of its levels.

You collected 117 gold pieces.

Inventory:

Hand Weapons
 a - a +1 flail (weapon)
Armour
 b - a +0 scale mail (worn)
 c - a +0 shield (worn)
Jewellery
 g - a cursed -3 ring of intelligence (left hand)
Scrolls
 e - a scroll of magic mapping
Potions
 d - a potion of agility
Comestibles
 f - 2 bread rations
 h - 2 beef jerkies
 j - a meat ration


   Skills:
 + Level 4.1 Fighting
 + Level 3.9 Maces & Flails
 + Level 4.0 Armour
 + Level 1.3 Dodging
 + Level 0.5 Stealth
 + Level 4.8 Shields


You had 5 spell levels left.
You didn't know any spells.

Dungeon Overview and Level Annotations

Branches:
Dungeon (4/15)
 Temple: D:4-7

Altars:

Annotations:
D:3 Grinder


Innate Abilities, Weirdness & Mutations

You are resistant to torment.
Your stone body is resilient. (AC +4)
You are immune to poison.
You resist negative energy. (rN+)
You are resistant to electric shocks. (rElec)
You can survive without breathing.
You are immune to petrification.
You are immune to rotting.


Message History

* * * LOW HITPOINT WARNING * * *
Grinder gestures at you.
You barely resist.
The orc wizard points at you and mumbles some strange words.
You feel yourself slow down.
Your shield and scale mail prevent you from hitting the orc wizard.
The orc wizard is almost dead.
The orc wizard hits you but does no damage.
You block the orc wizard's attack.
The orc wizard hits you but does no damage.
Grinder gestures at you.
You suddenly lose the ability to move!
The orc wizard hits you but does no damage.
Grinder hits you but does no damage.
The orc wizard hits you but does no damage.
The orc wizard casts a spell.
The orc wizard blinks!
Grinder hits you.
* * * LOW HITPOINT WARNING * * *
You writhe in agony.
You die...

####### #.##.#.#
#.....# #.#....####
#.###.# #........>.
#.# #.# #.#....####
#.###.###.##.#.#
#.....[[.>.....#
#..##.######.###
#.5##.# ##'##
#.@##.# ##...##
#.§.).# ##.....##
##.######...)...##
##...####.........##
#.......'.........+.
##...####....)....##
#..## ##.......##
#.## ##.....##
####.### ##...##


You could see Grinder.

Vanquished Creatures
  Sigmund (D:2)
  3 adders
  2 oozes (D:2)
  A worm (D:3)
  A dart slug (D:1)
  2 leopard geckos
  3 orcs (D:3)
  A ball python (D:2)
  4 giant cockroaches
  9 goblins
  10 hobgoblins
  3 quokkas
  12 bats
  4 frilled lizards
  9 kobolds
  A rat (D:2)
66 creatures vanquished.

Notes
Turn   | Place    | Note
-------+----------+-------------------------------------------
     0 | D:1      | JeffiDaFish the Gargoyle Fighter began the quest for the Orb.
     0 | D:1      | Reached XP level 1. HP: 14/14 MP: 1/1
   233 | D:1      | Reached XP level 2. HP: 18/19 MP: 2/2
   510 | D:1      | Reached XP level 3. HP: 23/23 MP: 3/3
   892 | D:2      | Noticed Sigmund
   910 | D:2      | Killed Sigmund
   910 | D:2      | Reached skill level 1 in Dodging
   910 | D:2      | Reached XP level 4. HP: 6/29 MP: 4/4
   910 | D:2      | Reached XP level 5. HP: 7/33 MP: 5/5
  1431 | D:2      | Reached XP level 6. HP: 38/38 MP: 6/6
  2330 | D:4      | Noticed Grinder
  2337 | D:4      | Paralysed by Grinder for 4 turns
  2371 | D:3      | Paralysed by Grinder for 4 turns
  2373 | D:3      | HP: 1/38 [Grinder (5)]
  2373 | D:3      | Slain by Grinder

Skill      XL: |  1  2  3  4  5  6 |
---------------+-------------------+-----
Fighting       | 4 |  4.1
Maces & Flails | 3 |  3.9
Dodging        | 1 |  1.3
Shields        | 4 |  4.8
Armour         | 4 |  4.0
Stealth        | |  0.5

Action                   |  1- 3 |  4- 6 || total
-------------------------+-------+-------++-------
Melee: Flail             |   105 |   151 ||   256
  Use: Scroll            |     3 |     3 ||     6
       Potion            |     4 |       ||     4
  Eat: Chunk             |       |     5 ||     5
Armor: Scale mail        |   106 |    90 ||   196
Dodge: Dodged            |    41 |    71 ||   112
Block: Shield            |    91 |    99 ||   190
